 Dungeon Crawl Stone Soup version 0.27-a0-1384-g1422d76b99 (webtiles) character file.

Game seed: 5991138637554198239

450 Gwenloh the Purveyor of Pain (level 6, -7/47 HPs)
             Began as a Demonspawn Necromancer on June 30, 2021.
             Was an Initiate of Kikubaaqudgha.
             Mangled by a hornet zombie (10 damage)
             ... on level 5 of the Dungeon.
             The game lasted 00:12:17 (4741 turns).

Gwenloh the Purveyor of Pain (DsNe)                 Turns: 4741, Time: 00:12:17

Health: -7/47      AC: 13    Str:  8    XL:     6   Next: 74%
Magic:  11/11      EV: 12    Int: 19    God:    Kikubaaqudgha [......]
Gold:   161        SH:  0    Dex: 13    Spells: 4/12 levels left

rFire    . . .     SeeInvis .   g - +1 dagger (venom)
rCold    . . .     Faith    .   (no shield)
rNeg     . . .     Spirit   .   a - +0 robe
rPois    .         Reflect  .   (no helmet)
rElec    .         Harm     .   (no cloak)
rCorr    .         Rampage  .   h - +0 pair of gloves
Will     .....                  (no boots)
Stlth    ++........             (no amulet)
HPRegen  0.15/turn              j - +4 ring of protection
MPRegen  0.12/turn              (no ring)

@: sanguine armoured
A: spiny 1, sanguine armour 1
a: Renounce Religion


You were on level 5 of the Dungeon.
You worshipped Kikubaaqudgha.
Kikubaaqudgha was noncommittal.
You visited 2 branches of the dungeon, and saw 6 of its levels.

You collected 161 gold pieces.

Inventory:

Hand Weapons
 g - a +1 dagger of venom (weapon)
Missiles
 i - 129 stones (quivered)
Armour
 a - a +0 robe (worn)
 h - a +0 pair of gloves (worn)
Jewellery
 j - a +4 ring of protection (left hand)
 k - a ring of ice
Scrolls
 b - 2 scrolls of blinking {unknown}
 c - a scroll of magic mapping {unknown}
 f - 3 scrolls of enchant armour {unknown}
 l - 3 scrolls of identify {unknown}
 n - a scroll of teleportation {unknown}
 p - a scroll of brand weapon {unknown}
 q - a scroll of vulnerability {unknown}
 r - a scroll of acquirement {unknown}
Potions
 d - a potion of curing
 e - 2 potions of brilliance {unknown}
 m - a potion of magic {unknown}
 o - a potion of degeneration {unknown}


   Skills:
 + Level 3.1 Fighting
 - Level 1.7 Dodging
 - Level 1.7 Stealth
 + Level 3.8 Spellcasting
 * Level 7.0 Necromancy


You had 4 spell levels left.
You knew the following spells:

 Your Spells              Type           Power      Damage    Failure   Level
a - Pain                  Necr           100%       1d9       1%          1
b - Vampiric Draining     Necr           15%        2d8       2%          3
c - Animate Dead          Necr           15%        N/A       8%          4

Your spell library contained the following spells:

 Spells                   Type           Power      Damage    Failure   Level
 Animate Skeleton         Necr           60%        N/A       1%          1
 Beastly Appendage        Tmut           6%         N/A       14%         1
 Sandblast                Erth           6%         2d5       14%         1
 Summon Small Mammal      Summ           12%        N/A       14%         1
 Call Imp                 Summ           3%         N/A       22%         2
 Passwall                 Tmut/Erth      2%         N/A       22%         2
 Wereblood                Tmut           3%         N/A       22%         2
 Call Canine Familiar     Summ           3%         N/A       38%         3
 Spider Form              Tmut/Pois      1%         N/A       38%         3
 Stone Arrow              Conj/Erth      6%         3d7       38%         3
 Summon Guardian Golem    Hex/Summ       3%         N/A       38%         3
 Ice Form                 Ice/Tmut       3%         N/A       80%         4
 Petrify                  Tmut/Erth      3%         N/A       80%         4
 Summon Ice Beast         Ice/Summ       3%         N/A       80%         4
 Summon Lightning Spire   Summ/Air       3%         N/A       80%         4
 Agony                    Necr           30%        N/A       22%         5
 Lee's Rapid Deconstruct  Erth           1%         3d5*      98%         5


Dungeon Overview and Level Annotations

Branches:
Dungeon (5/15)             Temple (1/1) D:4

Altars:
Ashenzari
Cheibriados
Dithmenos
Kikubaaqudgha
Nemelex Xobeh
Qazlal
Sif Muna
Trog
Wu Jian
Xom
Zin
The Shining One

Annotations:
D:3 1 runed translucent door, Decipherer's ghost, weakling HOFi


Innate Abilities, Weirdness & Mutations

You are partially covered in sharp spines.
When seriously injured, your bleeding wounds create armour. (AC +6)


Message History

The hornet zombie is heavily damaged.
The hornet zombie hits you.
You hit the hornet zombie but do no damage.
The hornet zombie is heavily damaged.
The hornet zombie barely misses you. The hornet zombie hits you!
* * * LOW HITPOINT WARNING * * *
You hit the hornet zombie.
The hornet zombie is heavily damaged.
The hornet zombie barely misses you.
You hit the hornet zombie.
The hornet zombie is heavily damaged.
The hornet zombie is struck by your spines.
The hornet zombie closely misses you.
You hit the hornet zombie.
The hornet zombie is severely damaged.
The hornet zombie is struck by your spines.
The hornet zombie closely misses you. The hornet zombie hits you!
* * * LOW HITPOINT WARNING * * *
You hit the hornet zombie.
The hornet zombie is severely damaged.
The hornet zombie hits you but does no damage.
You hit the hornet zombie.
The hornet zombie is almost destroyed.
The hornet zombie hits you but does no damage.
You barely miss the hornet zombie.
The hornet zombie is almost destroyed.
The hornet zombie is struck by your spines.
The hornet zombie hits you but does no damage.
A water moccasin zombie comes into view.
You hit the hornet zombie but do no damage.
The hornet zombie is almost destroyed.
The hornet zombie misses you. The hornet zombie barely misses you.
You barely miss the hornet zombie.
The hornet zombie is almost destroyed.
The hornet zombie misses you.
You hit the hornet zombie.
The hornet zombie is almost destroyed.
The hornet zombie hits you!
You die...
Kikubaaqudgha rasps: "You have failed me!
Welcome... death!"

... .... #####....
#........ .
+.......#
....#####........
#..Z((Z@........#
###.#####.##.#..#
...........<...+....
##.#####....#..#....
#..........#.......
.#######..#.#.......
..........#.#.......
.###.####.#.#.......
##.#......#.......


You could see a water moccasin zombie and a hornet zombie.

Vanquished Creatures
  A bullfrog (D:5)
  A scorpion (D:4)
  A howler monkey (D:3)
  A bullfrog skeleton (D:5)
  2 hounds (D:4)
  An iguana (D:4)
  Terence (D:3)
  3 gnolls (D:4)
  3 adders
  An adder skeleton (D:4)
  5 worms
  A dart slug (D:1)
  2 orcs
  3 ball pythons
  5 endoplasms
  5 giant cockroaches
  4 goblins
  9 hobgoblins
  8 jackals
  5 quokkas
  3 bats
  2 frilled lizards (D:1)
  7 kobolds
  6 rats
80 creatures vanquished.

Vanquished Creatures (others)
  4 toadstools (D:1)
4 creatures vanquished.

Grand Total: 84 creatures vanquished

Notes
Turn   | Place    | Note
-------+----------+-------------------------------------------
     0 | D:1      | Gwenloh the Demonspawn Necromancer began the quest for the
                  | Orb.
     0 | D:1      | Reached XP level 1. HP: 13/13 MP: 3/3
   370 | D:1      | Found a faded altar of an unknown god.
   393 | D:1      | Gained mutation: When seriously injured, your bleeding
                  | wounds create armour. (AC +6) [demonic ancestry]
   393 | D:1      | Reached XP level 2. HP: 17/20 MP: 1/5
  1210 | D:1      | Reached skill level 1 in Fighting
  1412 | D:2      | Reached skill level 5 in Necromancy
  1506 | D:2      | Reached XP level 3. HP: 21/26 MP: 0/6
  2092 | D:3      | Noticed Terence
  2129 | D:2      | Learned a level 3 spell: Vampiric Draining
  2135 | D:3      | Killed Terence
  2186 | D:3      | Gained mutation: You are partially covered in sharp spines.
                  | [demonic ancestry]
  2186 | D:3      | Reached XP level 4. HP: 29/32 MP: 3/8
  2301 | D:3      | Noticed Decipherer's ghost (weakling HOFi)
  2302 | D:3      | Found a runed translucent door.
  2767 | D:3      | Learned a level 4 spell: Animate Dead
  3219 | D:4      | Reached XP level 5. HP: 36/38 MP: 6/9
  3272 | D:4      | Reached skill level 6 in Necromancy
  3568 | D:4      | Reached XP level 6. HP: 46/46 MP: 11/11
  3942 | D:4      | Found a staircase to the Ecumenical Temple.
  3955 | Temple   | Entered the Ecumenical Temple
  4010 | Temple   | Became a worshipper of Kikubaaqudgha
  4276 | D:4      | Found a snail-covered altar of Cheibriados.
  4563 | D:5      | Entered Level 5 of the Dungeon
  4580 | D:5      | Reached skill level 7 in Necromancy
  4735 | D:5      | HP: 2/47 [hornet zombie (10)]
  4741 | D:5      | Mangled by a hornet zombie

Illustrated notes

Levels and vault maps discovered:
D:1:      ldierk_walled_garden_2, layout_loops_ring,
          shapermc_ecumenical_altar_starsandcircs
D:2:      layout_rooms
D:3:      layout_basic, hellmonk_ghost_happy_afterlife, uniq_terence
D:4:      layout_loops_ring, kennysheep_mini, minmay_temple_entry_glass
D:5:      corexii_shack_village, layout_basic, overflow_temple_1_default,
          nicolae_shop_clearance
Temple:   minmay_temple_curvy_loop

Skill      XL: |  1  2  3  4  5  6 |
---------------+-------------------+-----
Fighting       | 1 2 3 |  3.1
Necromancy     | 5 6 7 |  7.0
Spellcasting   | 3 |  3.8
Dodging        | |  1.7
Stealth        | |  1.7

Action                   |  1- 3 |  4- 6 || total
-------------------------+-------+-------++-------
Melee: Short sword       |     4 |       ||     4
       Dagger            |    31 |    42 ||    73
Throw: Stone             |       |    19 ||    19
 Cast: Pain              |    56 |    98 ||   154
       Vampiric Draining |       |     3 ||     3
 Stab: Sleeping          |     2 |       ||     2
Armor: Robe              |     6 |    12 ||    18
Dodge: Dodged            |    19 |    27 ||    46

Table legend: (Time is in decaauts)
 A = Elapsed time spent in this place.
 B = Non-inter-level travel time spent in this place.
 C = Inter-level travel time spent in this place.
 D = Time resting spent in this place.
 E = Time spent auto-exploring this place.
 F = Levels seen in this place.
 G = Mean time per level.
                   A        B        C        D        E       F      G
               +--------+--------+--------+--------+--------+-----+--------+
         Total |   4745 |   4644 |    101 |    367 |   3741 |   6 |  790.8 |
       Dungeon |   4503 |   4425 |     78 |    367 |   3532 |   5 |  900.6 |
        Temple |    241 |    218 |     23 |      0 |    209 |   1 |  241.0 |
               +--------+--------+--------+--------+--------+-----+--------+

Top non-repeatable levels by time:
     D:1: 1337 daAuts
     D:4: 1227 daAuts
     D:3: 972 daAuts
     D:2: 789 daAuts
  Temple: 241 daAuts
     D:5: 178 daAuts
